 Dungeon Sprint DCSS version 0.30-a0-802-gb92711bcdf (webtiles) character file.

Game seed: 13572369979612411031

1900000 sircluck the Axe Maniac (level 15, -43/174 HPs)
             Began as a Hill Orc Berserker on Feb 23, 2023.
             Was a Priest of Trog.
             Annihilated by a meat berserker
             ... wielding a +9 battleaxe
              (73 damage)
             ... in the Dungeon (Sprint VIII: "Arena of Blood").
             The game lasted 00:01:23 (19 turns).

sircluck the Axe Maniac (Hill Orc Berserker)          Turns: 19, Time: 00:01:24

Health: -43/174    AC:  4    Str: 28    XL:     15   Next: 93%
Magic:  15/15      EV: 19    Int:  7    God:    Trog [***...]
Gold:   0          SH:  0    Dex: 10    Spells: 14/14 levels left

rFire   . . .      SeeInvis .    i - +∞ Axe of Woe
rCold   . . .      Faith    .    (shield currently unavailable)
rNeg    . . .      Spirit   .    b - +0 animal skin
rPois   .          Reflect  .    (no helmet)
rElec   .          Harm     .    (no cloak)
rCorr   .          Rampage  .    (no gloves)
Will    +....      NoTele   +    (no boots)
Stlth   +                        (no amulet)
HPRegen 0.49/turn                (no ring)
MPRegen 0.14/turn                (no ring)

@: no status effects
A: no striking features
a: Renounce Religion, Berserk, Trog's Hand


You were in the Dungeon.
You worshipped Trog.
Trog was most pleased with you.
You visited 1 branch

Inventory:

Hand Weapons
 a - a +0 hand axe
 i - the +∞ Axe of Woe (weapon)
   (You found it in the Dungeon)
Armour
 b - a +0 animal skin (worn)
Jewellery
 j - a +30 ring of slaying
Scrolls
 h - a scroll of blinking
Potions
 c - a potion of curing
 e - a potion of haste
 f - 2 potions of magic
 g - a potion of berserk rage


   Skills:
 O Level 27 Fighting
 O Level 27 Axes
 + Level 26.2 Armour
 + Level 20.6 Dodging


You had 14 spell levels left.
You didn't know any spells.
Your spell library was empty.

Dungeon Overview and Level Annotations

Branches:
Dungeon (1/1)

Altars:
Makhleb


Message History

Your experience leads to an increase in your attributes!
Increase (S)trength, (I)ntelligence, or (D)exterity?
You feel stronger. x3
You slice the meat berserker!!
You slaughter the meat berserker joyfully.
You kill the meat berserker!
Trog accepts your kill.
You are engulfed in blazing flames.
You hear a shout! x8
Your Armour skill gained 3 levels and is now at level 24!
Your Dodging skill gained 2 levels and is now at level 18!
You slash the meat berserker!
You pulverise the meat berserker into a thin bloody mist.
You kill the meat berserker!
Trog accepts your kill.
The meat berserker appears out of thin air!
A meat berserker comes into view. It is wielding a +9 battleaxe.
You are engulfed in blazing flames.
* * * LOW HITPOINT WARNING * * *
The meat berserker shouts!
You hear a shout! x15
Your Armour skill gained 2 levels and is now at level 26!
Your Dodging skill gained 2 levels and is now at level 20!
A meat berserker comes into view. It is wielding a +9 battleaxe.
The destroyer appears out of thin air!
A destroyer comes into view. It is wielding a +9 heavy great sword.
The destroyer shouts!
You hear a shout! x11
The meat berserker is engulfed in blazing flames.
The meat berserker hits you with a +9 battleaxe!!
* * * LOW HITPOINT WARNING * * *
You hear a shout! x3
The meat berserker moves out of view.
You hear a shout!
Things that are here:
a +9 battleaxe; a +30 ring of slaying; a meat berserker corpse You feel much better.
You hear a shout! x7
A bag of meat comes into view. It is wielding a +9 war axe.
The meat berserker is engulfed in blazing flames.
The meat berserker hits you with a +9 battleaxe!!!!
You die...

..........#.#..
.......o.......
#..............
#.o...........
..o..o.......
.§§§..V....
#)§.....# .
#O§)....#
...###)@.o...###.
......)..###......
.#........_.......
.....O.#.....#....
.......#_.<._# .
......O#.....#
.#........_.....
........###......
...###... ..###.


You could see a destroyer, 3 meat berserkers and 5 bags of meat.

Vanquished Creatures
  5 ogres (D)
  A two-headed ogre (D)
  An orc (D)
7 creatures vanquished.

Notes
Turn   | Place    | Note
-------+----------+-------------------------------------------
     0 | D        | Found the +∞ Axe of Woe
     0 | D        | sircluck the Hill Orc Berserker began the quest for the
                  | Orb.
     0 | D        | Reached XP level 1. HP: 19/19 MP: 1/1
     7 | D        | Noticed a meat berserker
     8 | D        | Noticed a meat berserker
     8 | D        | Noticed a large bag of meat
     9 | D        | Killed a meat berserker
    10 | D        | Reached XP level 2. HP: 60/60 MP: 2/2
    10 | D        | Reached XP level 3. HP: 67/67 MP: 3/3
    10 | D        | Reached XP level 4. HP: 75/75 MP: 4/4
    10 | D        | Reached XP level 5. HP: 82/82 MP: 5/5
    10 | D        | Reached XP level 6. HP: 91/91 MP: 6/6
    10 | D        | Reached XP level 7. HP: 97/97 MP: 7/7
    10 | D        | Reached XP level 8. HP: 106/106 MP: 8/8
    10 | D        | Reached XP level 9. HP: 113/113 MP: 9/9
    10 | D        | Reached XP level 10. HP: 122/122 MP: 10/10
    10 | D        | Reached XP level 11. HP: 128/128 MP: 11/11
    10 | D        | Reached XP level 12. HP: 137/137 MP: 12/12
    10 | D        | Noticed a meat berserker
    10 | D        | Noticed a bag of meat
    11 | D        | Killed a meat berserker
    11 | D        | Reached ** piety under Trog
    11 | D        | Noticed a meat berserker
    12 | D        | Reached skill level 27 in Axes
    12 | D        | Reached skill level 10 in Dodging
    12 | D        | Reached XP level 13. HP: 118/154 MP: 13/13
    12 | D        | Noticed a meat berserker
    14 | D        | Killed a bag of meat
    14 | D        | Noticed a bag of meat
    14 | D        | Noticed a bag of meat
    14 | D        | Noticed a bag of meat
    15 | D        | Reached skill level 27 in Fighting
    15 | D        | Killed a meat berserker
    15 | D        | Killed a large bag of meat
    15 | D        | Reached *** piety under Trog
    15 | D        | Noticed a meat berserker
    15 | D        | Noticed a bag of meat
    16 | D        | Reached XP level 14. HP: 74/168 MP: 14/14
    16 | D        | Reached XP level 15. HP: 76/174 MP: 15/15
    16 | D        | Killed a meat berserker
    17 | D        | Killed a meat berserker
    17 | D        | Noticed a meat berserker
    18 | D        | Noticed a meat berserker
    18 | D        | Noticed a destroyer
    19 | D        | Annihilated by a meat berserker

Illustrated notes

Levels and vault maps discovered:
D:        meatsprint

Skill      XL: |  1  2  3  4  5  6  7  8  9 10 11 12 13 14 15 |
---------------+----------------------------------------------+-----
Fighting       | 21 25 27 | 27.0
Axes           | 24 27 | 27.0
Armour         | 11 13 21 26 | 26.2
Dodging        | 8 10 16 20 | 20.6

Action                     |  1- 3 |  4- 6 |  7- 9 | 10-12 | 13-15 || total
---------------------------+-------+-------+-------+-------+-------++-------
  Melee: Executioner's axe |     1 |       |       |     1 |     4 ||     6
    Use: Potion            |       |       |       |       |     1 ||     1

Table legend: (Time is in decaauts)
 A = Elapsed time spent in this place.
 B = Non-inter-level travel time spent in this place.
 C = Inter-level travel time spent in this place.
 D = Time resting spent in this place.
 E = Time spent auto-exploring this place.
 F = Levels seen in this place.
 G = Mean time per level.
                   A        B        C        D        E       F      G
               +--------+--------+--------+--------+--------+-----+--------+
         Total |     17 |     17 |      0 |      0 |      0 |   1 |   17.0 |
       Dungeon |     17 |     17 |      0 |      0 |      0 |   1 |   17.0 |
               +--------+--------+--------+--------+--------+-----+--------+

Top non-repeatable levels by time:
       D: 17 daAuts
